 Dungeon Crawl Stone Soup version 0.27.1-2-g3b301248ec (webtiles) character file.

Game seed: 13137297857861495435

123 MajorAdolf the Sneak (level 5, -2/50 HPs)
             Began as a Naga Wanderer on Oct 5, 2021.
             Killed by nerve-wracking pain
             ... invoked by an orc priest
              (11 damage)
             ... on level 3 of the Dungeon.
             The game lasted 00:03:42 (2664 turns).

MajorAdolf the Sneak (Naga Wanderer)                Turns: 2664, Time: 00:03:43

Health: -2/50      AC:  2    Str: 17    XL:     5   Next: 7%
Magic:  5/5        EV:  9    Int: 11    God:
Gold:   104        SH:  0    Dex: 10    Spells: 4/4 levels left

rFire    . . .     SeeInvis +   p - +1 trident (venom)
rCold    . . .     Faith    .   (no shield)
rNeg     . . .     Spirit   .   e - +0 robe
rPois    +         Reflect  .   (no helmet)
rElec    .         Harm     .   (no cloak)
rCorr    .         Rampage  .   (no gloves)
Will     .....                  (no barding)
Stlth    +++.......             (no amulet)
HPRegen  0.16/turn              (no ring)
MPRegen  0.09/turn              (no ring)

@: about to teleport, very slow
A: AC +1, large, see invisible, deformed body, poison resistance, slowness 2,
spit poison 1, naga tail 1
a: Spit Poison


You were on level 3 of the Dungeon.
You visited 1 branch of the dungeon, and saw 3 of its levels.

You collected 104 gold pieces.

Inventory:

Hand Weapons
 a - a +2 mace
 b - a +0 hand crossbow
 p - a +1 trident of venom (weapon)
 s - a +2 dagger of freezing
Missiles
 c - 44 bolts
 f - 30 stones
Armour
 e - a +0 robe (worn)
 j - a +0 ring mail of willpower
Wands
 k - a wand of polymorph (14)
Scrolls
 d - a scroll of teleportation
 g - a scroll of immolation {unknown}
 q - a scroll of identify {unknown}
 r - a scroll of summoning {unknown}
Potions
 h - a potion of might {unknown}
 i - a potion of curing {unknown}
 l - a potion of haste {unknown}
 m - a potion of lignification {unknown}
 n - 2 potions of heal wounds {unknown}
 o - a potion of ambrosia {unknown}


   Skills:
 + Level 3.8 Fighting
 - Level 2.0(2.1) Maces & Flails
 - Level 1.0(1.6) Staves
 - Level 1.0 Armour
 - Level 1.0 Dodging
 + Level 5.3 Stealth
 - Level 2.0 Evocations


You had 4 spell levels left.
You didn't know any spells.
Your spell library contained the following spells:

 Spells                   Type           Power      Damage    Failure   Level
 Sandblast                Erth           0%         2d4       34%         1
 Passwall                 Tmut/Erth      0%         N/A       47%         2
 Lee's Rapid Deconstruct  Erth           0%         3d5*      100%        5


Dungeon Overview and Level Annotations

Branches:
Dungeon (3/15)

Altars:

Annotations:
D:2 Natasha, Terence


Innate Abilities, Weirdness & Mutations

Your serpentine skin is tough. (AC +1)
You have supernaturally acute eyesight. (SInv)
Armour fits poorly on your strangely shaped body.
Your system is resistant to poisons. (rPois)
You cover ground very slowly.
You can spit poison.
You have a snake-like lower body.


Message History

The orc hits you with a +0 hand axe.
The orc priest shouts!
You hit the orc but do no damage.
The orc is poisoned.
You hear a shout!
The orc hits you with a +0 hand axe.
You closely miss the orc.
The orc is severely wounded.
You kill the orc!
An orc wizard comes into view. It is wielding a +0 dagger.
The orc hits you with a +0 hand axe.
The orc wizard shouts!
You hit the orc.
The orc is poisoned.
The orc is moderately wounded.
You hear an angry hiss.
The orc hits you with a +0 hand axe. x2
You closely miss the orc.
The orc is moderately wounded.
An orc comes into view. It is wielding a +0 dagger.
The orc priest mumbles some strange prayers to Beogh against you.
Beogh smites you!
The orc wizard mumbles some strange words.
The orc wizard flickers and vanishes for a moment.
The orc hits you with a +0 hand axe.
* * * LOW HITPOINT WARNING * * *
You barely miss the orc.
The orc is severely wounded.
You kill the orc!
As you read the scroll of teleportation, it crumbles to dust.
You feel strangely unstable. The rat closely misses you.
The orc priest closely misses you.
Unknown command.
The rat bites you.
* * * LOW HITPOINT WARNING * * *
The orc priest hits you with a +0 whip.
* * * LOW HITPOINT WARNING * * *
The rat bites you.
* * * LOW HITPOINT WARNING * * *
The orc priest calls down the wrath of Beogh upon you.
Pain shoots through your body!
You die...

#......##### o ..
#..........# .S #.#
####..#....# ..o #..
#..##....# ...
#.######.#......# ..
#..........######
#.#####.......###
#....#..)or..########
####...oo..@....÷...#
#######.############.#
.....................########
######..###########..........
#........# #..<.........
#........#######.#####......
#.....†..##......# #######
#...........######
#..).....####


You could see an orc priest, an orc wizard (invisible), an orc and a rat.

Vanquished Creatures
  A hound (D:3)
  4 adders
  A worm (D:2)
  2 dart slugs
  4 orcs (D:3)
  3 ball pythons
  4 bats
  5 endoplasms
  4 giant cockroaches
  2 goblins
  2 hobgoblins
  2 jackals (D:1)
  2 quokkas (D:1)
  4 frilled lizards
  A kobold (D:1)
  7 rats
48 creatures vanquished.

Notes
Turn   | Place    | Note
-------+----------+-------------------------------------------
     0 | D:1      | MajorAdolf the Naga Wanderer began the quest for the Orb.
     0 | D:1      | MajorAdolf set off with the following items: a +2 mace, a
                  | +0 hand crossbow, 24 bolts, a scroll of teleportation, a +0
                  | robe
     0 | D:1      | Reached XP level 1. HP: 19/19 MP: 1/1
    40 | D:1      | Reached skill level 2 in Stealth
   108 | D:1      | Reached XP level 2. HP: 27/27 MP: 2/2
   178 | D:1      | Reached skill level 3 in Stealth
   555 | D:1      | Found a faded altar of an unknown god.
   643 | D:1      | Reached XP level 3. HP: 33/33 MP: 3/3
  1191 | D:2      | Reached skill level 4 in Stealth
  1455 | D:2      | Reached XP level 4. HP: 42/42 MP: 4/4
  1627 | D:2      | Noticed Natasha
  1875 | D:2      | Noticed Terence
  2387 | D:3      | Reached skill level 5 in Stealth
  2387 | D:3      | Reached XP level 5. HP: 33/50 MP: 5/5
  2664 | D:3      | Killed from afar by an orc priest

Illustrated notes

Levels and vault maps discovered:
D:1:      dpeg_arrival_houses_and_road, layout_basic,
          ebering_ecumenical_altar_box, minmay_misc_feat_iff, minivault_5
D:2:      layout_loops_ring, serial_bayou_pond_a, uniq_terence, uniq_natasha
D:3:      layout_rooms, mainiacjoe_overflow_boulevard,
          nicolae_yredelemnul_corpse_copse, zin_angel,
          kennysheep_generic_room_13

Skill      XL: |  1  2  3  4 |
---------------+-------------+-----
Stealth        | 2 3 4 5 |  5.3
Fighting       | 3 |  3.8
Maces & Flails | |  2.0
Staves         | |  1.0
Armour         | |  1.0
Dodging        | |  1.0
Evocations     | |  2.0

Action                   |  1- 3 |  4- 6 || total
-------------------------+-------+-------++-------
Melee: Mace              |    41 |    18 ||    59
       Trident           |       |    23 ||    23
 Abil: Spit Poison       |    17 |     6 ||    23
  Use: Scroll            |       |     1 ||     1
 Stab: Sleeping          |     2 |     2 ||     4
Armor: Robe              |     8 |     8 ||    16
Dodge: Dodged            |    20 |    20 ||    40
